Cogmind - Beta 16 @@@ ROGUE MODE // 2025.10.29 @ 19:09:53 Player: ZLD1 Result: Destroyed by RQ-7QM(R) with Subdweller Laser Performance ------------- Evolutions (0) 0 Regions Visited (3) 600 Robots Destroyed (0) 0 Value Destroyed (0) 0 Prototype IDs (0) 0 Alien Tech Used (0) 0 Bonus (14) 14 TOTAL SCORE: 614 Bonus ------- Follower Combat Kills 14 Cogmind --------- Core Integrity 0/250 Matter 300/300 Energy 99/100 System Corruption 0% Temperature Cool (6) Movement Core (50) Location -10/Subcaves Parts ------- > --- POWER (1) -------- (None) > --- PROPULSION (2) --- (None) > --- UTILITY (2) ------ (None) > --- WEAPON (2) ------- (None) > --- INVENTORY (5) ---- Light Ion Engine Aluminum Leg Aluminum Leg Small Storage Unit Peak State ------------ > --- POWER ------------ (None) > --- PROPULSION ------- (None) > --- UTILITY ---------- Terrain Scanner > --- WEAPON ----------- (None) > --- INVENTORY -------- Light Ion Engine Aluminum Leg Aluminum Leg Small Storage Unit [Rating: 1] Favorites ----------- Power None Propulsion None Utility Terrain Scanner Device Terrain Scanner Weapon Mining Claw Slashing Weapon Mining Claw Build | -11 -10 -10 -10 ------- Run | Yrd Mat Min Sub Slots Evolved . | . . . . Power . | . . . . Propulsion . | . . . . Utility . | . . . . Weapon . | . . . . Parts Attached 2 | . 1 1 . Power . | . . . . Engine . | . . . . Core . | . . . . Reactor . | . . . . Propulsion . | . . . . Treads . | . . . . Leg . | . . . . Wheel . | . . . . Hover . | . . . . Flight . | . . . . Utility 1 | . 1 . . Device 1 | . 1 . . Storage . | . . . . Processor . | . . . . Hackware . | . . . . Protection . | . . . . Artifact . | . . . . Weapon 1 | . . 1 . Energy Gun . | . . . . Energy Cannon . | . . . . Ballistic Gun . | . . . . Ballistic Cannon . | . . . . Launcher . | . . . . Special Weapon . | . . . . Impact Weapon . | . . . . Slashing Weapon 1 | . . 1 . Piercing Weapon . | . . . . Special Melee Weapon . | . . . . Unidentified Prototypes . | . . . . Parts Lost 1 | . . . 1 Power . | . . . . Propulsion . | . . . . Utility . | . . . . Weapon 1 | . . . 1 Highest Loss Streak 1 | . . . 1 To Critical Strikes . | . . . . Average Backups 3 | 2 4 4 4 Power . | . 1 1 1 Propulsion 1 | 1 2 2 2 Utility . | . 1 1 1 Weapon . | . . . . Tool/Special . | . . . . Unused Backups 4 | . . . 4 Power 1 | . . . 1 Propulsion 2 | . . . 2 Utility 1 | . . . 1 Weapon . | . . . . Tool/Special . | . . . . Average Slot Usage (%) 4 | . 2 4 6 Slashing Weapon 4 | . . 4 6 Peak Build Rating 1 | . 1 1 1 Average Rating . | . . . . On Entrance . | . . . 1 Avg Prop Armor Cover (%) . | . . . . Naked Turns 381 | . 30 234 117 Heaviest Build 2 | . 1 2 2 Greatest Support 3 | 3 3 3 3 Greatest Overweight (x) . | . . . . Average Overweight (x) . | . . . . Largest Inventory Capacity 5 | 5 5 5 5 Average Capacity 5 | 5 5 5 5 Most Carried 5 | 4 4 5 4 Average Carried 3 | 2 4 4 4 Final Capacity 5 | 5 5 5 5 Final Carried 4 | 4 4 4 4 Class Distribution -------------------- 100% | Mutant Dominant Class ---------------- Mutant | -10/Materials Mutant | -10/Mines Mutant | -10/Subcaves Resources | -11 -10 -10 -10 ----------- Run | Yrd Mat Min Sub Matter Collected 220 | 131 . 61 28 Remotely . | . . . . Salvage Created . | . . . . Parts . | . . . . Haulers Intercepted . | . . . . Recyclers Shooed . | . . . . Parts Field Recycled . | . . . . Retrieved Matter . | . . . . Parts Self-Destructed 13 | . . . 13 Prevented . | . . . . Parts Restored . | . . . . Kills | -11 -10 -10 -10 ------- Run | Yrd Mat Min Sub Combat Hostiles Destroyed . | . . . . Classes Destroyed . | . . . . Best Kill Streak . | . . . . Combat Bots Only . | . . . . Max Kills in Single Turn . | . . . . Gunslinging . | . . . . Exploded . | . . . . Melee . | . . . . Uniques/NPCs Destroyed . | . . . . Combat | -11 -10 -10 -10 -------- Run | Yrd Mat Min Sub Hostile Shots Fired 21 | . 2 . 19 Missed 5 | . . . 5 Hits 16 | . 2 . 14 Projectile 16 | . 2 . 14 Critical Strikes 1 | . . . 1 Damage Taken 311 | . 16 . 295 Core 270 | . 16 . 254 Absorbed by Shields . | . . . . Core Remaining (%) 100 | 100 . . . Volleys Fired . | . . . . Largest . | . . . . Hottest . | . . . . Shots Fired . | . . . . Gun . | . . . . Cannon . | . . . . Launcher . | . . . . Special . | . . . . Kinetic . | . . . . Thermal . | . . . . Explosive . | . . . . Electromagnetic . | . . . . Robot Hit Streak . | . . . . Robot Miss Streak . | . . . . Penetration Max . | . . . . Secondary Targets . | . . . . Shots Hit Robots 2 | . . 2 . Core Hits . | . . . . Critical Kills . | . . . . Critical Parts Destroyed . | . . . . Critical Strikes . | . . . . Melee Attacks 5 | . . 3 2 Impact . | . . . . Slashing 5 | . . 3 2 Piercing . | . . . . Sneak Attacks 1 | . . 1 . Combat Hostiles . | . . . . Follow-up Attacks . | . . . . Damage Inflicted 72 | . . 72 . Guns . | . . . . Cannons . | . . . . Explosions . | . . . . Melee 72 | . . 72 . Ramming . | . . . . Kinetic . | . . . . Thermal . | . . . . Explosive . | . . . . Electromagnetic . | . . . . Impact . | . . . . Slashing 72 | . . 72 . Piercing . | . . . . Highest Corruption . | . . . . Average Corruption . | . . . . Corruption Purged . | . . . . Corruption Blocked . | . . . . Overload Shots . | . . . . Overflow Damage 6 | . . 6 . Projectiles . | . . . . Explosions . | . . . . Melee 6 | . . 6 . Knockbacks . | . . . . Impact . | . . . . Kinetic . | . . . . Secondary . | . . . . Self-Inflicted Damage . | . . . . Shots . | . . . . Rammed . | . . . . Targets Rammed . | . . . . Kicked . | . . . . Crushed . | . . . . Highest Temperature . | . . . . Average Temperature . | . . . . Received Heat Transfer 75 | . . . 75 Siege Activations . | . . . . Martial Activations . | . . . . Shielding Activations . | . . . . Robots Disrupted . | . . . . Combat Hostiles . | . . . . Robots Corrupted . | . . . . Combat Hostiles . | . . . . Parts Fried . | . . . . Impact Corruptions . | . . . . Robots Melted . | . . . . Combat Hostiles . | . . . . Parts Melted . | . . . . Heat Transferred . | . . . . Parts Sabotaged . | . . . . Parts Stolen . | . . . . Parts Stripped . | . . . . Power Chain Reactions . | . . . . Alert | -11 -10 -10 -10 ------- Run | Yrd Mat Min Sub Maximum Alert Level . | . . . . Low Security (%) 100 | 100 100 100 . Level 1 . | . . . . Level 2 . | . . . . Level 3 . | . . . . Level 4 . | . . . . Level 5 . | . . . . High Security . | . . . . Max Security . | . . . . Peak Influence . | . . . . Initial . | . . . . Average . | . . . . Influence Increases 53 | . . . 53 Destroy 0b10 Robot/C 40 | . . . 40 Destroy Leader 10 | . . . 10 Allied During Kill 3 | . . . 3 Influence Decreases 53 | . . . 53 Time Decay 23 | . . . 23 Lost Part 10 | . . . 10 Lost Ally 20 | . . . 20 Squads Dispatched 1 | . 1 . . Investigation 1 | . 1 . . Extermination . | . . . . Reinforcement . | . . . . Assault . | . . . . Garrison . | . . . . Intercept . | . . . . Searches Triggered . | . . . . Construction Impeded . | . . . . Haulers Reinforced . | . . . . Active Scanning Responses . | . . . . Cargo Convoy Interrupts . | . . . . Stealth | -11 -10 -10 -10 --------- Run | Yrd Mat Min Sub Distress Signals . | . . . . Communications Jammed . | . . . . Distress Signals . | . . . . Times Spotted 14 | . 2 . 12 Peak Tracking Total 4 | . 3 . 4 Tactical Retreats 2 | . . . 2 Traps | -11 -10 -10 -10 ------- Run | Yrd Mat Min Sub Traps Triggered 2 | . 2 . . Indirectly . | . . . . Trap Hack Attempts . | . . . . Triggered . | . . . . Disarmed . | . . . . Reprogrammed . | . . . . Reused . | . . . . Traps Extracted . | . . . . Installed . | . . . . Triggered . | . . . . Machines | -11 -10 -10 -10 ---------- Run | Yrd Mat Min Sub Machines Disabled . | . . . . Max in Single Turn . | . . . . Machines Repaired . | . . . . Machines Dismantled . | . . . . Machines Sabotaged . | . . . . Overloaded Fab Kills . | . . . . Hacking | -11 -10 -10 -10 --------- Run | Yrd Mat Min Sub Machines Accessed 1 | . 1 . . Terminals 1 | . 1 . . Fabricators . | . . . . Repair Stations . | . . . . Recycling Units . | . . . . Scanalyzers . | . . . . Garrison Access . | . . . . Total Hacks 3 | . 3 . . Successful 1 | . 1 . . Failed 2 | . 2 . . Catastrophic . | . . . . Database Lockouts . | . . . . Manual 3 | . 3 . . Terminals 3 | . 3 . . Fabricators . | . . . . Repair Stations . | . . . . Recycling Units . | . . . . Scanalyzers . | . . . . Garrison Access . | . . . . Terminal Hacks 1 | . 1 . . Recall Investigation 1 | . 1 . . Fabricator Hacks . | . . . . Repair Station Hacks . | . . . . Recycling Unit Hacks . | . . . . Scanalyzer . | . . . . Garrison Access Hacks . | . . . . Unauthorized Hacks . | . . . . Terminals . | . . . . Fabricators . | . . . . Repair Stations . | . . . . Recycling Units . | . . . . Scanalyzers . | . . . . Garrison Access . | . . . . Data Cores Recovered . | . . . . Used . | . . . . Hacking Detections 1 | . 1 . . Full Trace Events . | . . . . Feedback Events . | . . . . Feedback Blocked . | . . . . Robot Schematics Acquired . | . . . . Robots Built . | . . . . Authchips . | . . . . Time . | . . . . Total Robot Build Rating . | . . . . Part Schematics Acquired . | . . . . Parts Built . | . . . . Authchips . | . . . . Time . | . . . . Total Part Build Rating . | . . . . Part Studies Acquired . | . . . . Parts Repaired . | . . . . Time . | . . . . Parts Recycled . | . . . . Recycled Matter . | . . . . Retrieved Matter . | . . . . Retrieved Components . | . . . . Parts Scanalyzed . | . . . . Part Schematics Acquired . | . . . . Parts Damaged . | . . . . Bothacking | -11 -10 -10 -10 ------------ Run | Yrd Mat Min Sub Used RIF Installer . | . . . . Robots Hacked . | . . . . Non-combat . | . . . . Combat . | . . . . Robot Hacks Applied . | . . . . Relay Couplers Released . | . . . . Fabnet Peak Effective % . | . . . . Robots Rewired . | . . . . Allies Hacked . | . . . . Hacks Repelled . | . . . . Allies | -11 -10 -10 -10 -------- Run | Yrd Mat Min Sub Total Allies 3 | . . 3 . Largest Group 3 | . . 3 2 Highest-Rated Group 40 | . . 40 24 Highest-Rated Ally 16 | . . 16 16 Total Orders . | . . . . Ally Attacks 13 | . . . 13 Total Damage 160 | . . . 160 Kills 2 | . . . 2 Allies Corrupted . | . . . . Allies Melted 1 | . . . 1 Intel | -11 -10 -10 -10 ------- Run | Yrd Mat Min Sub Active Infowar (turns) 16 | . 16 . . Terrain 16 | . 16 . . Robot Analysis Total . | . . . . Derelict Logs Recovered 2 | . . 2 . Drone Launches . | . . . . Drone Recoveries . | . . . . Exploration | -11 -10 -10 -10 ------------- Run | Yrd Mat Min Sub Turns Passed 629 | 24 46 338 221 Spaces Moved 1045 | 39 89 582 335 Core 1045 | 39 89 582 335 Treads . | . . . . Legs . | . . . . Wheels . | . . . . Hover . | . . . . Flight . | . . . . Fastest Speed 50 | 50 50 50 50 Average Speed 50 | 50 50 50 50 Slowest Speed 50 | 50 50 50 50 Overloaded Moves . | . . . . Propulsion Burnouts . | . . . . Robots Hopped . | . . . . Potential Cave-ins . | . . . . Cave-ins Triggered . | . . . . Exploration Rate (%) 39 | 4 27 100 25 Regions Visited 3 Branch Regions 2 Pre-discovered Areas . | . . . . Known Exits Taken . | . . . . Unknown Exits Taken 3 | 1 1 1 . Scrap Searched 5 | . . 1 4 Spaces Dug . | . . . . Terrain Destroyed . | . . . . Melee . | . . . . Projectile . | . . . . AOE . | . . . . Terrain Rammed . | . . . . Walls Destroyed . | . . . . Machines Disabled . | . . . . Actions | -11 -10 -10 -10 --------- Run | Yrd Mat Min Sub Total 1137 | 42 89 622 384 Wait 81 | . . 36 45 Move 1042 | 38 88 581 335 Hop . | . . . . Pick Up 5 | 4 . 1 . Fast Attach 1 | . 1 . . Attach 1 | . . 1 . Detach . | . . . . Swap . | . . . . Drop . | . . . . Fire . | . . . . Melee 5 | . . 3 2 Ram . | . . . . Kick . | . . . . Crush . | . . . . Escape Stasis . | . . . . Rewire 2 | . . . 2 Trap . | . . . . Miscellaneous . | . . . . Route ------- -11/Scrapyard -10/Materials -10/Mines (discovered 3 exits: [*Mat x2] / [*Sub]) -10/Subcaves History --------- Turn | Location | Event 6 | -11/Scrapyard | Discovered new exit (range 15) 25 | -11/Scrapyard | Entered Materials 63 | -10/Materials | Discovered new exit (range 13) 71 | -10/Materials | Entered Mines 96 | -10/Mines | Found a hidden stash of uninstalled traps 127 | -10/Mines | Discovered new exit (range 3) 137 | -10/Mines | Learned Materials terminal intel 183 | -10/Mines | Discovered new exit (range 15) 296 | -10/Mines | Assisted by bots powering up and referring to "LRC-V3" 302 | -10/Mines | Build established: Mutant 330 | -10/Mines | Learned Materials stockpile data 338 | -10/Mines | Received a Rocket Launcher from a helpful Derelict 405 | -10/Mines | Discovered new exit (range 6) 409 | -10/Mines | Entered Subcaves 409 | -10/Subcaves | Accompanied by 2 allies 410 | -10/Subcaves | Approached by a straggling Scientist 515 | -10/Subcaves | Core integrity fell below 50% 544 | -10/Subcaves | Shifting Twisted Machinery released Barrage Gun 569 | -10/Subcaves | Core integrity fell below 20% 630 | -10/Subcaves | Destroyed by RQ-7QM(R) with Subdweller Laser Last Messages --------------- repair. Barrage Gun falls loose from the Twisted Machinery. 00556_ Searching scrap... 00556_ Found Sub. Monowheel. 00556_ Found 56 Matter. 00558_ Searching scrap... 00558_ Found Hvy. Battle Rifle. 00558_ Found 45 Matter. 00558_ Searching scrap... 00558_ Found Shrapnel Trap. 00558_ Found 40 Matter. 00560_ Searching scrap... 00560_ Found Sub. Optics. 00560_ Found Sub. Beam Cannon. 00560_ Found 42 Matter. 00582_ Attempting to rewire EL-PQS(O). 00582_ EL-PQS(O) is unpowered. 00583_ Attempting to rewire EL-PQS(O). 00583_ EL-PQS(O) is unpowered. Map ----- +----------------------------------------------------+ | !%### ###### % ## % % #?????????? | | #### #### %# #?????????? | | ???### ###% ###### ##?????????? | | ?????# ## #????# #??????????? | | ????# ### ########????# #??????????? | | ????# ##?## ###???????????# #??????????? | | ????####???## #???????????## ## #?????????? | | ???????????# ##???????##?## ##? #?????????? | | ???????????# ##?##??# ### #????????????? | | ???????????# ## #?# #????????????? | | ???????????# " ## # # ## ##????????????? | | ??????????## " " #####?# ##?????????????? | | ????????###[ " " ##????## #??????????????? | | ????????# "" """" ##?##### ##?????????????? | | ????????#""""" " " ##?## ##????????????? | | ????????#" "##" "####?## ##???????????? | | ????????## ?### ##??### #???????????? | | ?????????# ???# ##?## #### #???????????? | | ?????????# ???# ### #??## #???????????? | | ?????????# ???# #???# ##??????????? | | ?????????###???## ## ##???# #??????????? | | ?????????????##### #### #???# #??????????? | | ????????????## # ##??# #???### #??????????? | | ????????????# #???## ##????## ##??????????? | | ????????# ## ##### #?????####???????????? | | ????????## ??# ##@ ##????????????????????? | | ?????????## ????## #?????????????????????? | | ??????????#????### ##### ?????????????? | | ???????????????# #### % ?????????????? | | ??????????????## ## % ?????????????? | | ??????????????# #### #??????????????? | | ????????????# ### ##??? #???????????????? | | ????????????# #?## ######RR #???????????????? | | ???????????# ?## ## ##???????????????? | | ???????????# #?# #######??????????? | | ???????????#####??## #??????????? | | ???????????????????### ??????????? | | ?????????????????????## #?????????????? | | ?????????????????????## #?????????????? | | ?????????????????????# #?????????????? | | ?????????????????????# ###### #?????????????? | | ?????????????????????## #?????? #?????????????? | | ?????????????????????## ##??????????????????????? | | ?????????????????????# #??????????????????????? | | ?????????????????????## ##?????????????????????? | | ?????????????????????## #?????????????????????? | | ?????????????????????# ##????????????????????? | | ?????????????????????# #????????????????????? | | ?????????????????????# ##???????????????????? | | ?????????????????????## ###?????????????????? | +----------------------------------------------------+ Best States ------------- Heat Dissipation 25 Energy Generation 5 Energy Capacity 100 Matter Stores 300 Matter Capacity 300 Sight Range 16 Terrain Scan Range 14 Terrain Scan Density 10 Evasion (%) 50 Item Schematics ----------------- None Robot Schematics ------------------ None Fabricated ------------ Nothing Repaired ---------- Nothing Studied --------- None Alien Tech Used ----------------- None Achievements -------------- GoHome() Challenges ------------ None Game ------ Seed LatentPointyBlade Manual? 0 Play Time 00:07:25 Cumulative 64.4 hours Start 2025.10.29 @ 19:04:23 End 2025.10.29 @ 19:09:53 Sessions 1 Manual Loads 0 Difficulty Rogue Special Mode None Game No. 158 Rogue 158 Adventurer 0 Explorer 0 Win Type - Total 1 Types 1/0/0/0/0/0/0/0/0/0 Lore% 33 Gallery% 37 Achievement% 19 Wizard Run 0 Options --------- Layout 1 ASCII 0 Keyboard 0 Movement Arrows Keybinds 0 Fullscreen 1 Font 24/Smallcaps Map View 50x40 Zoom Use 0% Tactical HUD 1 Map Filters NONE Filters NONE Steam 1 RUN: 379d6b08-8a76-4873-8050-c38f3967db31